← All builds
Tech / Armada / Economy first / OBSERVED BUILD

Standard tech

Armada Tech (Eco) build order · Supreme Isthmus

Rushes T2 by 4:15, gets Advanced Metal Extractor around 5:28, hands off T2 constructors to Geo and the team, then scales eco and supplies the team's T2 needs through the rest of the game.

Usually first T2 con to Geo (83%)

#eco #t2 #team support · 1574 distinct matches · 255 players · 58% of Armada Tech games · team won 53% of 1868 · Recently observed

HOW TO PLAY IT

Key timing: T2 factory by 4:15

  1. Open 3 mex and heavy wind to fund a fast T2 rush.
  2. Put down Bot Lab, planning to eat it for reclaim soon after.
  3. Get Advanced Bot Lab up, hitting the T2 factory rush timing.
  4. Upgrade mex to Advanced Metal Extractor to lock in team metal income.
  5. Eat Advanced Bot Lab and keep sending cons to Geo and Pond.

Phase by phase

TYPICAL OF ITS 1574 GAMES
  1. 1
  2. 2
  3. 3
  4. 4
PLAY THE OPENING

Follow the example game's first 6:00 step by step: what to build now, what comes next, and where it goes. At 1× it keeps pace with your own game.

  1. 1

    Up to the Bot Lab

    Economy
    • Metal Extractor3Mex
    • Wind Turbine4Wind
    Order
    1. Bot LabBot Lab after 3 mex, 4 winddone ~1:18, middle half 1:13–1:32

    Some games also: energy storage (31%)

    By 1:01 in all: 3 mex · 4 wind

    The example game in this phase · 5 steps
    1. Mex ×3
    2. Wind ×4
    3. Energy storage
    4. Wind
    5. Bot LabBot Labdone 1:36 · typical 1:18
  2. 2

    Bot Lab to Advanced Bot Lab

    Economy
    • Metal Extractor1Mex
    • Wind Turbine8Wind
    • Energy Storage1Energy storage
    Order
    1. Advanced Bot LabAdvanced Bot Lab after 4 mex, 12 wind, 3 con turretdone ~4:16, middle half 4:04–4:30
    Builders
    • Construction Turret3 Con turret
    • Lazarus3 Lazarus
    • Construction Bot2 Con bot
    • Construction Bot1 Con bot for allies

    Some games also: converter (36%)

    By 3:18 in all: 4 mex · 12 wind · 1 energy storage · 3 con turret

    The example game in this phase · 10 steps
    1. Construction BotCon bot
    2. Wind ×4
    3. Construction BotCon botfor Air
    4. LazarusLazarus
    5. Wind ×3
    6. Mex
    7. Construction BotCon bot
    8. Wind ×3
    9. LazarusLazarus
    10. Advanced Bot LabAdvanced Bot Labdone 4:02 · typical 4:16
  3. 3

    Advanced Bot Lab to 5:00

    Economy
    • Wind Turbine3Wind
    Order
    1. Bot LabEat Bot Lab
    Builders
    • Advanced Construction Bot1 T2 con bot for allies

    Some games also: converter (35%)

    By 5:00 in all: 4 mex · 15 wind · 1 converter · 1 energy storage · 3 con turret

    The example game in this phase · 5 steps
    1. Converter
    2. Bot LabEat Bot Labreclaimed for its metal
    3. Advanced Construction BotT2 con botfor Geo
    4. FatboyFatboyfor Ponddone 4:48
    5. Advanced Construction BotT2 con botfor Air
  4. 4

    5:00 to 10:00

    Economy
    • Wind Turbine43Wind
    • Energy Converter6Converter
    Builders
    • Butler9 Butler
    • Advanced Construction Bot4 T2 con bot for allies
    • Advanced Construction Bot1 T2 con bot

    Some games also: con turret (43%) · Butler for allies (37%)

    By 10:00 in all: 4 mex · 58 wind · 8 converter · 1 energy storage · 3 con turret

    The example game in this phase · 109 steps
    1. Advanced Metal ExtractorT2 mexdone 6:18 · typical 5:29
    2. Advanced Construction BotT2 con bot ×2for Geo sea
    3. Advanced Construction BotT2 con bot
    4. Advanced Construction BotT2 con bot ×2for Geo
    5. ButlerButlerfor Geo sea
    6. Advanced Construction BotT2 con bot
    7. GunslingerGunslingerfor Ponddone 8:58
    8. Advanced Metal ExtractorT2 mex ×2
    9. SmugglerJammer botfor Pond
    10. ButlerButler
    11. Advanced Metal ExtractorT2 mex
    12. ButlerButler
    13. SmugglerJammer botfor Air
    14. Wind
    15. ButlerButler
    16. Wind
    17. ButlerButler ×2
    18. Wind ×2
    19. ButlerButler
    20. Wind
    21. ButlerButler
    22. Wind ×2
    23. ButlerButler ×2
    24. Wind ×2
    25. ButlerButler
    26. Wind ×7
    27. ButlerButler
    28. Wind
    29. ButlerButler
    30. Wind ×3
    31. ButlerButler
    32. Wind ×4
    33. ButlerButler
    34. Wind ×5
    35. ButlerButler
    36. Wind ×4
    37. ButlerButler
    38. Wind ×6
    39. ButlerButler
    40. Wind ×2
    41. ButlerButler
    42. Wind ×4
    43. ButlerButler
    44. Wind ×6
    45. ButlerButler
    46. Metal storage
    47. Wind ×3
    48. Fusion ReactorFusiondone 14:46
    49. Wind ×4
    50. Converter
    51. Wind ×7
    52. Converter ×2
    53. Wind ×4
    54. Converter
    55. Wind ×2
    56. Converter
    57. Wind ×5
    58. Converter
    59. Wind ×2
    60. Converter
    61. Wind ×6
    62. Converter ×2
    63. Wind ×7
    64. Converter
    65. Wind ×2
    66. Converter
    67. Advanced Bot LabEat Advanced Bot Labreclaimed for its metal
    68. Con turret
    69. Wind ×10
    70. Converter ×2
    71. Wind ×8
    72. Converter
    73. Wind ×2
    74. Converter
    75. Wind ×2
    76. Con turret
    77. Wind ×7
    78. Converter
    79. Wind
    80. Converter
    81. Wind ×3
    82. Con turret
    83. Wind ×4
    84. NettleNettle
    85. Wind ×3
    86. Converter
    87. Wind ×2
    88. Converter
    89. Wind ×2
    90. Con turret
    91. NettleNettle
    92. Wind ×6
    93. Converter
    94. Wind
    95. NettleNettle
    96. Converter
    97. Wind ×9
    98. Converter ×2
    99. Wind ×4
    100. Converter
    101. Wind
    102. Converter
    103. Wind ×2
    104. Fusion ReactorFusion
    105. Wind
    106. Converter
    107. Wind ×2
    108. Converter
    109. Wind ×5

Counts are medians over the build's games: half of them build more, half fewer. The example game is [MADO]MyDude's (31 OS, 27/09/2026); pick another.

Team trades

IN AT LEAST 30% OF ITS GAMES

You hand over

  • Construction Bot1 Con bot to Airfirst at 2:24 · in 84% of games
  • Advanced Construction Bot5 T2 con bot to Air or Geo sea or Pondfirst at 4:50 · in 99% of games
  • Butler2 Butler to Geo sea or Beach sea or Pondfirst at 9:07 · in 42% of games

You get

  • Hercules1 Light transport from Airfirst at 4:01 · in 86% of games

How it plays out

Typical game of this build, running totals by minute

Metal produced

020k40k
0:005:0010:0015:00

metal

Enemy metal destroyed

050100
0:005:0010:0015:00

metal

Own metal lost

050100150
0:005:0010:0015:00

metal

1868 games.

Show as table
ByMetal produced: This buildEnemy metal destroyed: This buildOwn metal lost: This build
1:0038300
2:0091500
3:00165100
4:00314300
5:00484800
6:00580000
7:00722700
8:00906100
9:001116900
10:001350200
11:001623900
12:001965200
13:002344100
14:0027357074
15:003153885130
WHAT THE NUMBERS SAY

Standard Tech play barely fights at all early, instead pouring metal into T2 infrastructure and constructors for the team.

  • + Metal produced hits 31679 by 15:00, by far the highest of any role here.
  • + T2 factory reached in 97% of games by 4:15, fastest and most reliable T2 timing.
  • − Enemy metal destroyed stays at 0 through 10:00, no early offense at all.
  • − Own metal lost also near 0, showing total avoidance of combat risk.
THE EXAMPLE YOU ARE READING

[MADO]MyDude

31.0 OS · 27/09/2026

Open source match ↗

3 received units
2726 metal received · 41540 energy received

Allied construction assistance is unknown. Timings are observations, not a promise of solo reproducibility.

Typical milestones

Bot Lab1:18Middle 50%: 1:13–1:32 · n=1868
Advanced Bot Lab4:16Middle 50%: 4:04–4:30 · n=1861
Advanced Metal Extractor5:29Middle 50%: 5:06–5:59 · n=1864

Played most by

Amrissa93games of this buildTheGeneraI66games of this buildAdeus57games of this buildEl_Turco56games of this buildKOT_43games of this build